 Dungeon Crawl Stone Soup version 0.25-a0-424-g80bd347ae0 (console) character file.

Game seed: 9437585080269377189, levelgen mode: deterministic

401 Kagalorn the Gusty (level 7, -8/50 HPs)
             Began as a Human Air Elementalist on Jan 20, 2020.
             Killed by nerve-wracking pain
             ... invoked by an orc priest
              (14 damage)
             ... on level 3 of the Dungeon.
             The game lasted 00:14:41 (4727 turns).

Kagalorn the Gusty (Human Air Elementalist)         Turns: 4727, Time: 00:14:45

Health: -8/50      AC:  3    Str:  8    XL:     7   Next: 11%
Magic:  3/11       EV: 12    Int: 18    God:
Gold:   79         SH:  0    Dex: 13    Spells: 5/12 levels left

rFire    . . .     SeeInvis .   a - +0 rapier
rCold    . . .     Gourm    .   (no shield)
rNeg     . . .     Faith    .   p - +0 robe
rPois    .         Spirit   .   (no helmet)
rElec    .         Reflect  .   (no cloak)
rCorr    .         Harm     .   r - +0 pair of gloves
MR       .....                  (no boots)
Stlth    ++........             (no amulet)
HPRegen  0.16/turn              (no ring)
MPRegen  0.12/turn              (no ring)

@: very slightly contaminated
A: no striking features
a: no special abilities


You were on level 3 of the Dungeon.
You were hungry.

You visited 1 branch of the dungeon, and saw 4 of its levels.

You collected 145 gold pieces.
You spent 66 gold pieces at shops.

Inventory:

Hand Weapons
 a - a +0 rapier (weapon)
 b - a +0 hunting sling
 u - a +0 quarterstaff
Missiles
 e - 21 sling bullets
 n - 105 stones (quivered)
Armour
 j - a +0 buckler
 p - a +0 robe (worn)
 r - a +0 pair of gloves (worn)
Jewellery
 d - an uncursed ring of magical power {unknown}
 k - an uncursed ring of fire {unknown}
 o - a cursed ring of teleportation {unknown}
 q - an uncursed ring of ice {unknown}
Scrolls
 f - 4 scrolls of identify {unknown}
 g - 4 scrolls of teleportation {unknown}
 h - 2 scrolls of enchant armour {unknown}
 l - 3 scrolls of remove curse {unknown}
 m - 2 scrolls of blinking {unknown}
 w - a scroll of enchant weapon {unknown}
 y - 3 scrolls of fear {unknown}
 z - a scroll of random uselessness {unknown}
Potions
 s - 2 potions of flight {unknown}
 t - a potion of agility {unknown}
 v - a potion of heal wounds {unknown}
 x - a potion of might {unknown}
Comestibles
 c - 8 rations


   Skills:
 * Level 2.0 Fighting
 - Level 2.0 Dodging
 - Level 2.0 Stealth
 * Level 1.1 Shields
 + Level 3.3 Spellcasting
 * Level 3.3 Conjurations
 * Level 5.2 Air Magic


You had 5 spell levels left.
You knew the following spells:

 Your Spells              Type           Power        Failure   Level  Hunger
a - Shock                 Conj/Air       ###.         2%          1    None
b - Airstrike             Air            ###.......   19%         4    ####...
g - Swiftness             Chrm/Air       ##......     9%          2    ##.....

Your spell library contained the following spells:

 Spells                   Type           Power        Failure   Level  Hunger
 Static Discharge         Conj/Air       ###.....     9%          3    ###....
 Corona                   Hex            #......      16%         1    None
 Ensorcelled Hibernation  Hex/Ice        #.....       24%         2    ##.....
 Dazzling Flash           Conj/Hex       #.....       24%         3    ###....
 Confusing Touch          Hex            #.......     43%         3    ###....
 Tukima's Dance           Hex            #.......     43%         3    ###....
 Lightning Bolt           Conj/Air       ###.......   58%         5    ######.


Dungeon Overview and Level Annotations

Branches:
Dungeon (4/15)
 Temple: D:4-7

Altars:
Ashenzari
Vehumet
Yredelemnul

Shops:
D:4 *

Annotations:
D:3 Ijyb
D:4 Dowan, Duvessa, Eustachio


Message History

Aiming: Airstrike (slightly dangerous; 19% risk of failure)
Press: ? - help, Dir - move target cursor, f - orc priest
Aim: an orc priest, wielding a +0 club The air twists around and strikes the orc priest!
The orc priest is severely wounded.
The orc priest mumbles some strange prayers to Beogh against you.
Beogh smites you!
* * * LOW HITPOINT WARNING * * *
Casting: Airstrike (slightly dangerous; 19% risk of failure)
Confirm with . or Enter, or press ? or * to list all spells.
Aiming: Airstrike (slightly dangerous; 19% risk of failure)
Press: ? - help, Dir - move target cursor, f/p - orc priest
Aim: an orc priest, wielding a +0 club (severely wounded)
You miscast Airstrike.
You are very lightly contaminated with residual magic.
The wind howls around you!
You are feeling hungry.
The orc priest mumbles some strange prayers to Beogh against you.
Pain shoots through your body!
You die...

#...[.....# #.#.####.###.#
#.....##### #.#.####.# #.#
#####.# #..#.....# #.# #.#
###.###..# #.# #.# #.#
#..###.####### #.# #.#
#............. #.#
#.####.###.#####.# #.#
#......###.#...... #.#
#@...........###.#
#.##########o#.##########.>.
#...........................
#########.....###########...
#.###.# ##.# #.# #.# ##.#
#.# #.# ####... #.# #.#
#.<..#. #.# #.# #.##...


You could see an orc priest.

Vanquished Creatures
  A phantom (D:4)
  A hound (D:4)
  An orc priest (D:3)
  2 orc wizards (D:3)
  2 iguanas (D:4)
  6 adders
  An ooze (D:1)
  2 worms
  2 dart slugs (D:1)
  5 leopard geckos
  5 orcs (D:3)
  3 giant cockroaches
  8 hobgoblins
  5 jackals (D:2)
  6 kobolds
  4 quokkas
  A ball python (D:3)
  7 bats
  2 frilled lizards (D:2)
  5 goblins
  11 rats
  A spectral orc (D:4)
81 creatures vanquished.

Notes
Turn   | Place    | Note
-------+----------+-------------------------------------------
     0 | D:1      | Kagalorn the Human Air Elementalist began the quest for the
                  | Orb.
     0 | D:1      | Reached XP level 1. HP: 13/13 MP: 3/3
   315 | D:1      | Reached XP level 2. HP: 14/19 MP: 1/5
   666 | D:1      | Reached XP level 3. HP: 3/25 MP: 0/6
  1310 | D:2      | Learned a level 2 spell: Swiftness
  1387 | D:2      | Reached XP level 4. HP: 17/31 MP: 0/7
  1563 | D:2      | Reached skill level 4 in Air Magic
  1613 | D:2      | Found a radiant altar of Vehumet.
  1617 | D:2      | Reached skill level 1 in Fighting
  1838 | D:2      | Found a shattered altar of Ashenzari.
  2302 | D:3      | Learned a level 4 spell: Airstrike
  2474 | D:3      | Reached XP level 5. HP: 20/37 MP: 3/8
  2847 | D:3      | Noticed Ijyb
  2997 | D:3      | Reached XP level 6. HP: 38/43 MP: 6/10
  3643 | D:4      | Noticed a phantom
  3758 | D:4      | Killed a phantom
  3758 | D:4      | Reached skill level 5 in Air Magic
  3846 | D:4      | Noticed Eustachio
  4045 | D:4      | Found a basalt altar of Yredelemnul.
  4133 | D:4      | Reached skill level 1 in Shields
  4142 | D:4      | Reached XP level 7. HP: 23/50 MP: 1/11
  4551 | D:4      | Found Okko's Assorted Antiques.
  4558 | D:4      | Bought a scroll labeled AMAREM WEIJYA for 23 gold pieces
  4558 | D:4      | Bought a scroll labeled KIAR UCREB for 23 gold pieces
  4558 | D:4      | Bought a silvery potion for 20 gold pieces
  4638 | D:4      | Noticed Duvessa
  4638 | D:4      | Noticed Dowan
  4727 | D:3      | Killed from afar by an orc priest

Levels and vault maps discovered:
D:1:      matt_arrival_spirals, layout_rooms, corner_web_ring, minivault_26,
          minmay_pentomino_z2
D:2:      layout_basic, nicolae_overflow_hidden_temple, fiery_altar_vehumet
D:3:      layout_loops_ring, uniq_ijyb
D:4:      layout_basic, yredelemnul_forgotten_temple_becter, first_ration,
          serial_shops, shop, uniq_duvessa, uniq_eustachio,
          uniq_crazy_yiuf_cottage

Skill      XL: |  1  2  3  4  5  6 |
---------------+-------------------+-----
Air Magic      | 4 5 |  5.2
Fighting       | 1 2 |  2.0
Conjurations   | 2 3 |  3.3
Spellcasting   | 3 |  3.3
Shields        | 1 |  1.1
Dodging        | |  2.0
Stealth        | |  2.0

Action                   |  1- 3 |  4- 6 |  7- 9 || total
-------------------------+-------+-------+-------++-------
Melee: Unarmed           |    16 |       |       ||    16
       Dagger            |    12 |    26 |       ||    38
       Rapier            |       |    44 |       ||    44
Throw: Dart              |       |       |     4 ||     4
 Cast: Shock             |    58 |    72 |    10 ||   140
       Airstrike         |       |     4 |     1 ||     5
 Stab: Sleeping          |     1 |     3 |       ||     4
  Eat: Chunk             |     2 |    10 |     2 ||    14
Armor: Robe              |    18 |    13 |     1 ||    32
Dodge: Dodged            |    54 |    69 |     3 ||   126

Table legend:
 A = Non-vault XP
 B = Vault XP
 C = Vault XP percentage of total XP
 D = Non-vault monster count
 E = Vault monster count
 F = Vault count percentage of total count
                 A         B        C        D         E       F
            +---------+---------+-------+---------+---------+-------
      Total |     570 |       4 |   0.7 |      78 |       3 |   3.7
            +---------+---------+-------+---------+---------+-------
        D:1 |      46 |       3 |   6.1 |      21 |       2 |   8.7
        D:2 |      65 |       0 |   0.0 |      23 |       0 |   0.0
        D:3 |     177 |       0 |   0.0 |      23 |       0 |   0.0
        D:4 |     282 |       1 |   0.4 |      11 |       1 |   8.3
            +---------+---------+-------+---------+---------+-------
